 Dungeon Crawl Stone Soup version 0.26.1-2-gb8aa6d0cf2 (webtiles) character file.

Game seed: 9213030704365032959

93 sking99 the Skirmisher (level 4, -3/36 HPs)
             Began as a Demonspawn Fighter on Feb 21, 2021.
             Slain by Grinder (6 damage)
             ... while paralysed by Grinder
             ... on level 3 of the Dungeon.
             The game lasted 00:02:05 (2750 turns).

sking99 the Skirmisher (Demonspawn Fighter)         Turns: 2750, Time: 00:02:06

Health: -3/36      AC:  9    Str: 17    XL:     4   Next: 36%
Magic:  4/4        EV:  2    Int:  9    God:
Gold:   210        SH:  0    Dex: 13    Spells: 3/3 levels left

rFire    . . .     SeeInvis .   a - +0 war axe
rCold    . . .     Faith    .   c - +0 kite shield
rNeg     . . .     Spirit   .   b - +0 scale mail
rPois    .         Reflect  .   (helmet restricted)
rElec    .         Harm     .   (no cloak)
rCorr    .         Rampage  .   (no gloves)
Will     .....                  (no boots)
Stlth    ..........             (no amulet)
HPRegen  0.12/turn              (no ring)
MPRegen  0.09/turn              (no ring)

@: paralysed
A: horns 1, slimy green scales 2
a: no special abilities


You were on level 3 of the Dungeon.
You visited 1 branch of the dungeon, and saw 3 of its levels.

You collected 210 gold pieces.

Inventory:

Hand Weapons
 a - a +0 war axe (weapon)
Armour
 b - a +0 scale mail (worn)
 c - a +0 kite shield (worn)
Wands
 q - a wand of paralysis (7)
Scrolls
 f - a scroll of noise {unknown}
 g - 4 scrolls of identify {unknown}
 h - 3 scrolls of teleportation {unknown}
 i - 3 scrolls of enchant weapon {unknown}
 j - 2 scrolls of fog {unknown}
 k - a scroll of remove curse {unknown}
 l - a scroll of magic mapping {unknown}
 p - a scroll of amnesia {unknown}
Potions
 d - 2 potions of might
 e - 2 potions of mutation {unknown}
 m - a potion of cancellation {unknown}
 n - 2 potions of brilliance {unknown}
 o - 2 potions of lignification {unknown}


   Skills:
 + Level 3.6 Fighting
 * Level 3.2 Axes
 - Level 2.6 Armour
 + Level 3.3 Shields


You had 3 spell levels left.
You didn't know any spells.
Your spell library was empty.

Dungeon Overview and Level Annotations

Branches:
Dungeon (3/15)

Altars:

Annotations:
D:3 Grinder


Innate Abilities, Weirdness & Mutations

You have a pair of small horns on your head.
You are mostly covered in slimy green scales. (AC +3)


Message History

There is a stone staircase leading up here.
You hit Grinder but do no damage. Your headbutt misses Grinder.
Grinder hits you but does no damage. Grinder gestures at you.
You barely resist. You closely miss Grinder. Grinder hits you.
You writhe in agony.
You slash Grinder! Your headbutt misses Grinder.
Grinder is moderately wounded.
Grinder hits you but does no damage. You block Grinder's attack.
You hit Grinder but do no damage.
Grinder is moderately wounded.
Grinder gestures at you.
You suddenly lose the ability to move!
Grinder hits you!
* * * LOW HITPOINT WARNING * * *
You writhe in agony.
* * * LOW HITPOINT WARNING * * *
Grinder hits you but does no damage. Grinder hits you.
You die...

...# #......#########..#
#...##.###..##....###..#
#....##..........#..#
#........##.##.#.#..#
#....###.##.#.5..#).#
#...#..## #....#.#..#..#
#####.#####.##...#.....#
#..[........#####5..#.#
#...#####.#..@#.......#
#...# #.###5#....#..#
#...# #.# #........##
#...# #.# #####.#.##
#...# #.# #.#.# ....#
#.# #.#.# #..... ...
).... ..


You could see Grinder.

Vanquished Creatures
  4 adders (D:2)
  A dart slug (D:1)
  2 leopard geckos (D:2)
  A giant cockroach (D:2)
  11 hobgoblins
  6 jackals
  3 quokkas
  5 bats
  5 frilled lizards
  5 goblins
  3 kobolds
  4 rats
50 creatures vanquished.

Notes
Turn   | Place    | Note
-------+----------+-------------------------------------------
     0 | D:1      | sking99 the Demonspawn Fighter began the quest for the Orb.
     0 | D:1      | Reached XP level 1. HP: 18/18 MP: 1/1
   106 | D:1      | Gained mutation: You have a pair of small horns on your
                  | head. [demonic ancestry]
   106 | D:1      | Reached XP level 2. HP: 12/24 MP: 2/2
  1049 | D:2      | Gained mutation: You are partially covered in slimy green
                  | scales. (AC +2) [demonic ancestry]
  1049 | D:2      | Reached XP level 3. HP: 26/29 MP: 3/3
  2097 | D:2      | Gained mutation: You are mostly covered in slimy green
                  | scales. (AC +3) [demonic ancestry]
  2097 | D:2      | Reached XP level 4. HP: 35/35 MP: 4/4
  2718 | D:3      | Noticed Grinder
  2723 | D:3      | Paralysed by Grinder for 6 turns
  2747 | D:3      | Paralysed by Grinder for 4 turns
  2750 | D:3      | Slain by Grinder

Illustrated notes

Levels and vault maps discovered:
D:1:      lordsloth_arrival_two_stooges, layout_loops_ring,
          corexii_item_surrounded_by_moat, minmay_octomino_j4
D:2:      minmay_razor_zed, layout_basic
D:3:      layout_loops_ring, uniq_grinder

Skill      XL: |  1  2  3 |
---------------+----------+-----
Axes           | 2 3 |  3.2
Shields        | 3 |  3.3
Fighting       | |  3.6
Armour         | |  2.6

Action                   |  1- 3 |  4- 6 || total
-------------------------+-------+-------++-------
Melee: War axe           |   124 |    49 ||   173
       Headbutt          |    13 |     5 ||    18
Armor: Scale mail        |    59 |    23 ||    82
Dodge: Dodged            |    39 |    17 ||    56
Block: Kite shield       |    62 |    24 ||    86
